 Dungeon Crawl Stone Soup version 0.19-a0-994-g3c636f0 (webtiles) character file.

24 Gorice the Grave Robber (level 2, 0/19 HPs)
             Began as a Demonspawn Necromancer on July 15, 2016.
             Succumbed to an adder's poison
             ... on level 2 of the Dungeon on July 16, 2016.
             The game lasted 00:06:02 (812 turns).

Gorice the Grave Robber (Demonspawn Necromancer)     Turns: 812, Time: 00:06:03

Health: 0/19       AC:  3    Str:  6    XL:     2   Next: 79%
Magic:  1/5        EV: 11    Int: 16    God:
Gold:   78         SH:  0    Dex: 13    Spells: 2 memorised, 3 levels left

rFire  . . .     SeeInvis .     (no weapon)
rCold  . . .     Gourm    .     r - +0 leather armour (curse)
rNeg   . . .     Faith    .     (no shield)
rPois  .         Spirit   .     (no helmet)
rElec  .         Dismiss  .     (no cloak)
rCorr  .         Reflect  .     (no gloves)
SustAt .         Harm     .     (no boots)
MR     .....                    (no amulet)
Stlth  ++........               (no ring)
                                (no ring)

@: lethally poisoned (0 -> -3), very slightly contaminated, not resistant to
hostile enchantments, unstealthy
A: powered by pain 1, weak 1, wild magic 1, no device heal 1
a: no special abilities


You were on level 2 of the Dungeon.
You were not hungry.

You visited 1 branch of the dungeon, and saw 2 of its levels.

You collected 78 gold pieces.

Inventory:

Hand Weapons
 h - a +0 whip
 o - a +0 hunting sling
 p - a +0 hand axe
Missiles
 l - 19 sling bullets
 Z - 42 stones (quivered)
Armour
 a - a +0 robe
 i - a +0 ring mail
 r - a cursed +0 leather armour (worn)
Scrolls
 d - 3 scrolls of teleportation {!r}
Potions
 e - a potion of berserk rage
Books
 b - a book of Necromancy
Comestibles
 c - 2 bread rations {!e}
 g - 2 chunks of flesh
 j - a meat ration {!e}
 q - a beef jerky


   Skills:
 - Level 1.7 Dodging
 - Level 1.7 Stealth
 - Level 2.0 Spellcasting
 * Level 5.4 Necromancy


You had 3 spell levels left.
You knew the following spells:

 Your Spells              Type           Power        Failure   Level  Hunger
a - Pain                  Necr           ###.         8%          1    #......
b - Animate Skeleton      Necr           N/A          8%          1    #......


Dungeon Overview and Level Annotations

Branches:
Dungeon (2/15)

Altars:


Innate Abilities, Weirdness & Mutations

You sometimes gain a little power by taking damage.
You are weak. (Str -2)
Your spells are a little harder to cast, but a little more powerful.
Potions and wands are less effective at restoring your health.


Message History

Aiming: Pain
Press: ? - help, Shift-Dir - straight line, f/p - adder
Aim: an adder (severely wounded, chance to defeat MR: 88%)
The adder convulses in agony!
The adder bites you.
You are poisoned.
The adder poisons you!
Damage: 4 (max 4)
Casting: Pain
Confirm with . or Enter, or press ? or * to list all spells.
You don't have enough magic to cast that spell.
You feel sick. The adder barely misses you. x2
Damage: 1 (max 4)
Casting: Pain
Confirm with . or Enter, or press ? or * to list all spells.
You don't have enough magic to cast that spell.
The adder bites you.
* * * LOW HITPOINT WARNING * * *
Damage: 2 (max 4)
Casting: Pain
Confirm with . or Enter, or press ? or * to list all spells.
You don't have enough magic to cast that spell.
You feel sick. The adder misses you.
Damage: 1 (max 4)
You hit the adder.
The adder is almost dead.
The adder barely misses you.
You barely miss the adder.
The adder is almost dead.
The adder closely misses you. The adder bites you but does no damage.
You barely miss the adder.
The adder is almost dead.
You feel sick. The adder bites you but does no damage.
Damage: 1 (max 4)
You completely miss the adder.
The adder is almost dead.
The adder closely misses you.
You closely miss the adder.
The adder is almost dead.
The adder bites you.
* * * LOW HITPOINT WARNING * * *
The adder bites you.
* * * LOW HITPOINT WARNING * * *
Damage: 6 (max 6)
You barely miss the adder.
The adder is almost dead.
The adder bites you but does no damage.
Unknown command.
You closely miss the adder.
The adder is almost dead.
You die...

......#...........#.#
#####.###.#.#.##..#.#
#.#...#.#.##..#.#
#.###.#.#.##..#.# #.#
#.#.#.......#
#.###.#.#######
#.....#..
########################
................@S......
########################


You could see an adder.

Vanquished Creatures
  An adder (D:2)
  A giant cockroach (D:1)
  3 goblins (D:1)
  A hobgoblin (D:1)
  3 bats (D:1)
  A giant newt (D:1)
  3 kobolds (D:1)
  A rat (D:1)
14 creatures vanquished.

Vanquished Creatures (collateral kills)
  A goblin (D:1)
  2 kobolds (D:1)
  A rat (D:1)
4 creatures vanquished.

Grand Total: 18 creatures vanquished

Notes
Turn   | Place    | Note
-------+----------+-------------------------------------------
     0 | D:1      | Gorice the Demonspawn Necromancer began the quest for the Orb.
     0 | D:1      | Reached XP level 1. HP: 13/13 MP: 3/3
     3 | D:1      | Learned a level 1 spell: Animate Skeleton
   195 | D:1      | Gained mutation: You sometimes gain a little power by taking damage. [demonic ancestry]
   195 | D:1      | Reached XP level 2. HP: 12/19 MP: 1/5
   241 | D:1      | Reached skill level 5 in Necromancy
   702 | D:2      | HP: 5/19 [poisoned by an adder]
   707 | D:2      | Gained mutation: Potions and wands are less effective at restoring your health. [potion of mutation]
   707 | D:2      | Gained mutation: You are weak. (Str -2) [potion of mutation]
   707 | D:2      | Gained mutation: Your spells are a little harder to cast, but a little more powerful. [potion of mutation]
   810 | D:2      | HP: 4/19 [adder (3)]
   810 | D:2      | HP: 1/19 [adder (3)]
   812 | D:2      | Succumbed to an adder's poison

Vault maps used:
D:1:      minmay_arrival_semitransparent, nrook_mini_backslash,
          minmay_tromino_v4_a

Skill      XL: |  1  2 |
---------------+-------+-----
Necromancy     | 5 |  5.4
Dodging        | |  1.7
Stealth        | |  1.7
Spellcasting   | |  2.0

Action                   || total
-------------------------++-------
Melee: Unarmed           ||     8
 Cast: Pain              ||    34
       Animate Skeleton  ||     7
  Use: Scroll            ||     4
       Potion            ||     2
Armor: Robe              ||     4
       Leather armour    ||     5
Dodge: Dodged            ||    15

Table legend:
 A = Turns spent in this place as a percentage of turns spent in the entire game.
 B = Non-inter-level travel turns spent in this place as a percentage of non-inter-level travel turns spent in the entire game.
 C = Inter-level travel turns spent in this place as a percentage of turns spent in this place.
 D = Turns resting spent in this place as a percentage of non-inter-level travel turns spent in this place.
 E = Turns spent auto-exploring this place as a percentage of non-inter-level travel turns spent in this place.
 F = Non-inter-level travel turns spent in this place divided by the number of levels of this place that you've seen.
                   A       B       C       D       E      F
               +-------+-------+-------+-------+-------+----------------------
         Total | 100.0 | 100.0 |   0.5 |   1.6 |   3.3 | 214.5
       Dungeon | 100.0 | 100.0 |   0.5 |   1.6 |   3.3 | 214.5
               +-------+-------+-------+-------+-------+----------------------

Vault maps used:
D:1:      minmay_arrival_semitransparent, nrook_mini_backslash,
          minmay_tromino_v4_a
